[Event "*** Titled Tuesday 3|2 Blitz"]
[Site "Chess.com"]
[Date "2015.03.03"]
[Round "1"]
[White "Colombiano07"]
[Black "zmaj23"]
[Result "0-1"]
[WhiteElo "1978"]
[BlackElo "2303"]
[TimeControl "180+2"]
[EndTime "11:01:41 PST"]
[Termination "zmaj23 won by resignation"]

1. e4 c5 2. Nf3 d6 3. d4 cxd4 4.
Nxd4 Nf6 5. Nc3 a6 6. Bg5 e6 7.
Qf3 Be7 8. O-O-O Qc7 9. Qg3 Nbd7 10. Kb1 b5 11. Bxb5 axb5 12. Ndxb5 Qa5 13. Nxd6+ Bxd6 14.
Qxd6 Qxg5 0-1

[Event "*** Titled Tuesday 3|2 Blitz"]
[Site "Chess.com"]
[Date "2015.03.03"]
[Round "1"]
[White "Konavets"]
[Black "BjarkeSahl"]
[Result "1-0"]
[WhiteElo "2365"]
[BlackElo "2058"]
[TimeControl "180+2"]
[EndTime "11:04:00 PST"]
[Termination "Konavets won by resignation"]

1. b3 d5 2. Bb2 c5 3. Nf3 Nc6 4. e3 Qc7 5. Bb5 a6 6. Bxc6+ Qxc6 7. d3 f6 8. Nbd2 e5 9. c4 Be6 10. O-O Rd8 11. Rc1 Nh6 12. Qe2 Be7 13. cxd5 Qxd5 14.
Ne4 b6 15. Rfd1 O-O 16. Nc3 Qb7 17. d4 Bg4 18. dxe5 fxe5 19. Qc4+ Kh8 20. Rxd8 Rxd8 21. Nxe5 Bh5 22. Ne4 b5 23. Nxc5 Qa7 24. Qf4 Bf6 25.
Nc6 Qxc5 26. Nxd8 Qd5 27. Bxf6 1-0

[Event "*** Titled Tuesday 3|2 Blitz"]
[Site "Chess.com"]
[Date "2015.03.03"]
[Round "1"]
[White "michaelk123"]
[Black "biostatistician"]
[Result "0-1"]
[WhiteElo "1900"]
[BlackElo "2291"]
[TimeControl "180+2"]
[EndTime "11:04:12 PST"]
[Termination "biostatistician won by resignation"]

1. e4 e6 2. d4 d5 3. Nd2 Nc6 4. Ngf3 Nf6 5. e5 Ne4 6. Bd3 Nxd2 7. Bxd2 Nb4 8. Bxb4 Bxb4+ 9. c3 Be7 10.
O-O c5 11. Re1 Bd7 12. g3 Qb6 13. Qe2 Rc8 14. b3 cxd4 15. cxd4 Ba3 16. Rad1 a6 17.
h4 Bb5 18. Bxb5+ Qxb5 19. Qe3 h6 20. Kg2 Qb4 21. Re2 Rc3 22. Rd3 Rc6 23. Rdd2 Bc1 24. Qd3 Bxd2 25. Nxd2 Qc3 26. Re3 Qxd3 27. Rxd3 Ke7 28.
g4 Rhc8 29. Kf3 Rc3 30. Ke3 Rxd3+ 31. Kxd3 Rc1 0-1

[Event "*** Titled Tuesday 3|2 Blitz"]
[Site "Chess.com"]
[Date "2015.03.03"]
[Round "1"]
[White "ViennaRocket"]
[Black "jcibarra"]
[Result "0-1"]
[WhiteElo "2192"]
[BlackElo "2543"]
[TimeControl "180+2"]
[EndTime "11:04:50 PST"]
[Termination "jcibarra won by resignation"]

1. d4 Nf6 2. c4 d6 3. Nc3 e5 4. Nf3 e4 5. Ng5 Qe7 6. Qc2 Bf5 7. g4 Bg6 8. Bg2 Nc6 9. e3 O-O-O 10. Ngxe4 d5 11. cxd5 Nb4 12. Qb1 Nbxd5 13. Nxd5 Rxd5 14.
Nxf6 Rxd4 15. Nd5 Qe6 16. O-O Rxg4 17. Nf4 Rxf4 18. exf4 Bxb1 19. Rxb1 Bc5 20. Bd2 Rd8 21.
Bc3 Bd4 22. Rfe1 Qf6 23. Rbd1 Bxc3 24. Bh3+ Kb8 25. Rxd8+ Qxd8 26. bxc3 a6 27. Bg2 Ka7 28. Rb1 c6 29. Bf3 Qd3 30. Kg2 Qxb1 0-1

[Event "*** Titled Tuesday 3|2 Blitz"]
[Site "Chess.com"]
[Date "2015.03.03"]
[Round "1"]
[White "manitodeplomo"]
[Black "Mugzyyy"]
[Result "0-1"]
[WhiteElo "2292"]
[BlackElo "2272"]
[TimeControl "180+2"]
[EndTime "11:05:02 PST"]
[Termination "Mugzyyy won by resignation"]

1. d4 e6 2. c4 Bb4+ 3. Nd2 c5 4.
a3 Bxd2+ 5. Qxd2 cxd4 6. Qxd4 Nf6 7. Nf3 Nc6 8. Qf4 d6 9. e3 O-O 10. Be2 e5 11. Qh4 Be6 12. O-O Rc8 13. Rd1 Qc7 14. b4 Ne7 15. Nd2 Nf5 16. Qh3 Nd4 17. exd4 Bxh3 18.
gxh3 exd4 19. Bb2 Rfe8 20. Bf1 d5 21. c5 Qf4 22. Nb3 Ne4 23. Bxd4 Ng5 24. Bg2 Nf3+ 25. Bxf3 Qxf3 26. Be3 Rc6 0-1

[Event "*** Titled Tuesday 3|2 Blitz"]
[Site "Chess.com"]
[Date "2015.03.03"]
[Round "1"]
[White "Fandorine"]
[Black "asms9699"]
[Result "1-0"]
[WhiteElo "2535"]
[BlackElo "2183"]
[TimeControl "180+2"]
[EndTime "11:05:10 PST"]
[Termination "Fandorine won by resignation"]

1. e4 e6 2. d3 d5 3. Nd2 g6 4. Ngf3 Bg7 5. Be2 Ne7 6. O-O O-O 7. Re1 c5 8. Bf1 Nbc6 9. c3 b5 10. exd5 exd5 11. Nb3 c4 12. Nc5 Qd6 13. d4 b4 14.
g3 Bf5 15. Bf4 Qd8 16. Qa4 Qb6 17. Bg2 Rfe8 18. Ne5 Nxe5 19. Bxe5 Bxe5 20. Rxe5 bxc3 21. bxc3 Qb2 22. Rae1 Qxc3 23. Bxd5 Rab8 24. Qxc4 Qd2 25. Bxf7+ Kh8 26. Bxe8 Rb2 27. R5e2 1-0

[Event "*** Titled Tuesday 3|2 Blitz"]
[Site "Chess.com"]
[Date "2015.03.03"]
[Round "1"]
[White "Tirantes"]
[Black "DanielRensch"]
[Result "1-0"]
[WhiteElo "2272"]
[BlackElo "2284"]
[TimeControl "180+2"]
[EndTime "11:05:19 PST"]
[Termination "Tirantes won by resignation"]

1. c4 e5 2. Nc3 Nf6 3. Nf3 Nc6 4. g3 d5 5. cxd5 Nxd5 6. Bg2 Nb6 7. O-O Be7 8. d3 O-O 9. a3 Re8 10. b4 Bf8 11. Bb2 h6 12. Rc1 a5 13.
b5 Nd4 14. Nd2 a4 15. e3 Ne6 16. Qc2 Nc5 17. d4 exd4 18. exd4 Ne6 19. d5 Nd4 20.
Qd3 Bc5 21. Nce4 1-0

[Event "*** Titled Tuesday 3|2 Blitz"]
[Site "Chess.com"]
[Date "2015.03.03"]
[Round "1"]
[White "MITerryble"]
[Black "jup1978"]
[Result "1-0"]
[WhiteElo "2490"]
[BlackElo "2141"]
[TimeControl "180+2"]
[EndTime "11:05:48 PST"]
[Termination "MITerryble won by resignation"]

1. d4 d5 2. Nf3 Nf6 3. c4 c6 4. Nc3 a6 5. c5 Nbd7 6. Bf4 Nh5 7. e3 Nxf4 8. exf4 g6 9. Bd3 Bg7 10. Qd2 O-O 11. O-O b6 12. b4 a5 13. a3 Ba6 14.
Rfc1 Bxd3 15. Qxd3 Qc7 16. g3 axb4 17. axb4 Rxa1 18.
Rxa1 bxc5 19. bxc5 f6 20. f5 gxf5 21. Qxf5 Re8 22.
Qe6+ Kh8 23. Ra6 Rc8 24. Qxe7 Qb7 25. Rb6 Qc7 26. Rb1 Nf8 27. Qxc7 Rxc7 28. Nh4 Kg8 29.
Rb8 Kf7 30. Nf5 Ne6 31. Na2 Kg6 32. g4 h5 33. h3 hxg4 34. hxg4 Kg5 35. f3 Kf4 36. Kf2 Ra7 37. Nc3 Ra3 38. Ne2+ Kg5 39. Re8 Nf4 40. Nxg7 Nd3+ 41. Kg3 Ra2 42. Nf5 Kg6 43.
Re7 1-0

[Event "*** Titled Tuesday 3|2 Blitz"]
[Site "Chess.com"]
[Date "2015.03.03"]
[Round "1"]
[White "Danirod"]
[Black "kharposh"]
[Result "0-1"]
[WhiteElo "2325"]
[BlackElo "2058"]
[TimeControl "180+2"]
[EndTime "11:05:55 PST"]
[Termination "kharposh won by resignation"]

1. e4 c6 2. Nc3 d5 3. Nf3 dxe4 4. Nxe4 Bf5 5. Qe2 Nf6 6. d3 e6 7. Bd2 Nbd7 8. O-O-O Be7 9. h3 Qc7 10. Kb1 h6 11. g4 Bh7 12. g5 hxg5 13. Nexg5 Bf5 14.
h4 Nd5 15. Nd4 g6 16. Nxf5 gxf5 17. Qf3 Ne5 18. Qg3 Ng4 19. f4 Bxg5 20. Bg2 Bxf4 21. Bxf4 Qxf4 22. Qe1 Nde3 23. Rd2 Nxg2 24. Rxg2 O-O-O 25. Rf1 Qh6 26. Qb4 Ne3 27. Rfg1 Nxg2 28. Rxg2 Qxh4 0-1

[Event "*** Titled Tuesday 3|2 Blitz"]
[Site "Chess.com"]
[Date "2015.03.03"]
[Round "1"]
[White "IMRosen"]
[Black "SuPeR_Fm"]
[Result "1-0"]
[WhiteElo "2089"]
[BlackElo "2377"]
[TimeControl "180+2"]
[EndTime "11:06:09 PST"]
[Termination "IMRosen won by resignation"]

1. c4 Nf6 2. Nc3 d6 3. e4 e5 4. Nge2 Be7 5. d4 exd4 6. Nxd4 O-O 7. Be2 Re8 8. O-O Bf8 9. f3 c6 10. Bg5 Nbd7 11. Kh1 a5 12. b3 h6 13. Bh4 Ne5 14.
Qd2 Ng6 15. Bg3 d5 16. cxd5 cxd5 17. Bb5 Bb4 18. Bxe8 Qxe8 19. a3 Bxc3 20. Qxc3 dxe4 21. Rae1 a4 22. b4 Bd7 23. fxe4 Nxe4 24. Qf3 Nxg3+ 25.
Qxg3 Qd8 26. Nf5 Be6 27. Nxh6+ gxh6 28. Rxe6 fxe6 29. Qxg6+ Kh8 30. Qxh6+ Kg8 31. Qxe6+ Kh8 32. Qe5+ 1-0

[Event "*** Titled Tuesday 3|2 Blitz"]
[Site "Chess.com"]
[Date "2015.03.03"]
[Round "1"]
[White "GMHess"]
[Black "gumersindo"]
[Result "1-0"]
[WhiteElo "2460"]
[BlackElo "2100"]
[TimeControl "180+2"]
[EndTime "11:06:24 PST"]
[Termination "GMHess won by checkmate"]

1. g3 d5 2. Bg2 Nf6 3. c4 c6 4.
cxd5 cxd5 5. Nf3 Nc6 6. d4 e6 7.
O-O Be7 8. Nc3 O-O 9. Bf4 a6 10. Ne5 Nxe5 11. dxe5 Ne8 12. e4 d4 13. Ne2 Bc5 14. Be3 Bd7 15. Nxd4 Qb6 16. Rb1 Bb5 17. b4 Bxd4 18. Bxd4 Qc7 19. Rc1 Qd7 20. Bc5 Rd8 21. Qxd7 Rxd7 22. Rfd1 Rxd1+ 23. Rxd1 Nc7 24. Bxf8 Kxf8 25.
Rd8+ Ke7 26. Rb8 Bc6 27. f4 Nb5 28. f5 Nc3 29. Rg8 Nxa2 30. Rxg7 Nxb4 31. f6+ Kf8 32. Rxh7 Kg8 33. Rg7+ Kf8 34. h4 a5 35. h5 Nd3 36. h6 Nxe5 37. h7 Ng6 38. Rg8# 1-0

[Event "*** Titled Tuesday 3|2 Blitz"]
[Site "Chess.com"]
[Date "2015.03.03"]
[Round "1"]
[White "Mvpag"]
[Black "stepanosinovsky"]
[Result "0-1"]
[WhiteElo "1864"]
[BlackElo "2282"]
[TimeControl "180+2"]
[EndTime "11:06:27 PST"]
[Termination "stepanosinovsky won by resignation"]

1. d4 d6 2. c4 Nf6 3. Nf3 g6 4. Nc3 Bg7 5. e4 O-O 6. Be2 Nbd7 7. O-O e5 8. d5 Nc5 9. Qc2 a5 10. a3 a4 11. Be3 Nb3 12. Rad1 Bd7 13. Nd2 Nxd2 14.
Qxd2 Ng4 15. Bxg4 Bxg4 16. h3 Bxd1 17. Nxd1 f5 18. Bg5 Bf6 19. Bh6 Bg7 20. Bg5 Qd7 21. exf5 gxf5 22. Nc3 Qf7 23. Nb5 f4 24. Qe2 Qg6 25.
Bh4 f3 0-1

[Event "*** Titled Tuesday 3|2 Blitz"]
[Site "Chess.com"]
[Date "2015.03.03"]
[Round "1"]
[White "AUSSIE_PINOY"]
[Black "megarompa"]
[Result "0-1"]
[WhiteElo "2213"]
[BlackElo "2646"]
[TimeControl "180+2"]
[EndTime "11:06:28 PST"]
[Termination "megarompa won by resignation"]

1. d4 d5 2. Nf3 e6 3. c4 Nf6 4. Nc3 Bb4 5. Bg5 h6 6. Bh4 c5 7. e3 g5 8. Bg3 Ne4 9. Nd2 Nxc3 10. bxc3 Bxc3 11. Rc1 cxd4 12. cxd5 Qxd5 13. exd4 Qxd4 14. Bb5+ Nc6 15. O-O Bxd2 16. Rc4 Qd5 17.
Qa4 Bd7 18. Rd1 O-O 19. h4 Rac8 20. hxg5 hxg5 21. Rg4 a6 22. Bc4 Qf5 23. Bd3 Ne5 24. Bxf5 Bxa4 25. Rxd2 Nxg4 26. Bxg4 f5 27. Bf3 f4 28.
Bh2 Rc1+ 0-1

[Event "*** Titled Tuesday 3|2 Blitz"]
[Site "Chess.com"]
[Date "2015.03.03"]
[Round "1"]
[White "DanielNaroditsky"]
[Black "iFrancisco"]
[Result "1-0"]
[WhiteElo "2588"]
[BlackElo "2209"]
[TimeControl "180+2"]
[EndTime "11:07:01 PST"]
[Termination "DanielNaroditsky won by resignation"]

1. e4 e5 2. Nf3 Nc6 3. Bb5 a6 4. Ba4 Nf6 5. O-O Nxe4 6. Re1 Nc5 7. Bxc6 dxc6 8. Nxe5 Be7 9. d4 Ne6 10. Be3 O-O 11.
c3 f6 12. Nf3 f5 13. Ne5 f4 14. Bc1 Ng5 15. Nd2 Kh8 16. Ndf3 Bd6 17. Nxg5 Qxg5 18. Qf3 Be6 19. g3 Bd5 20. Bxf4 Bxe5 21. Bxg5 Bxf3 22. Rxe5 Rae8 23. Rae1 Rxe5 24. Rxe5 h6 25.
Bf4 Bd5 26. b3 Kg8 27. Re7 Rf7 28. Rxc7 Rxc7 29. Bxc7 b5 30. g4 Bf3 31. h3 Kf7 32. Kh2 h5 33. Kg3 hxg4 34. hxg4 Be4 35. a3 Bc2 36. b4 Ke6 37. Kf4 Kd5 38. Kg5 Ke4 39.
Be5 g6 40. Kxg6 Kf3+ 41. Kh5 1-0

[Event "*** Titled Tuesday 3|2 Blitz"]
[Site "Chess.com"]
[Date "2015.03.03"]
[Round "1"]
[White "patzerplay"]
[Black "AlexanderL"]
[Result "0-1"]
[WhiteElo "2153"]
[BlackElo "2504"]
[TimeControl "180+2"]
[EndTime "11:07:13 PST"]
[Termination "AlexanderL won by checkmate"]

1. e4 e6 2. d4 d5 3. Nc3 Bb4 4. Ne2 Nf6 5. e5 Nfd7 6. a3 Be7 7. f4 c5 8. Be3 Nc6 9. g3 Qb6 10. Rb1 cxd4 11. Nxd4 Bc5 12. Nce2 a5 13. Bg2 O-O 14. c3 a4 15. Qd3 f6 16. Nxe6 Bxe3 17. Nxf8 Nxf8 18. Bxd5+ Kh8 19. exf6 gxf6 20. Be4 Be6 21. Rd1 Rd8 22. Qb1 Rxd1+ 23. Kxd1 Na5 24. Ke1 Nc4 25. f5 Bf2+ 26. Kd1 Qd6+ 27. Nd4 Bxd4 28. cxd4 Qxd4+ 29. Bd3 Bxf5 30. Ke2 Qe3+ 31. Kf1 Bh3# 0-1

[Event "*** Titled Tuesday 3|2 Blitz"]
[Site "Chess.com"]
[Date "2015.03.03"]
[Round "1"]
[White "pedromartinez91"]
[Black "Ar4uha"]
[Result "1-0"]
[WhiteElo "2149"]
[BlackElo "2467"]
[TimeControl "180+2"]
[EndTime "11:07:17 PST"]
[Termination "pedromartinez91 won by checkmate"]

1. e4 c5 2. Nf3 d6 3. Bb5+ Bd7 4.
Bxd7+ Qxd7 5. O-O Nc6 6. c3 Nf6 7. d4 Nxe4 8. d5 Ne5 9. Re1 Nf6 10. Nxe5 dxe5 11. Rxe5 e6 12. c4 Bd6 13. Re1 O-O-O 14. Nc3 Rhe8 15. Bg5 h6 16. Bxf6 gxf6 17. Qf3 Be5 18. Rad1 Bd4 19. Nb5 exd5 20. Rxe8 Rxe8 21. Nxd4 cxd4 22. cxd5 Re5 23. Qxf6 Rxd5 24. g3 a6 25. Qh8+ Kc7 26. Qxh6 d3 27. Qf4+ Kb6 28. Qe3+ Kc7 29.
Qf4+ Kb6 30. Qe3+ Kc7 31. h4 d2 32. h5 Rxh5 33. Rxd2 Qc6 34. Qf4+ Kb6 35. Qd4+ Ka5 36. b4+ Kb5 37. a4+ Kxa4 38. b5+ Kxb5 39. Rb2+ Ka5 40.
Qb4# 1-0

[Event "*** Titled Tuesday 3|2 Blitz"]
[Site "Chess.com"]
[Date "2015.03.03"]
[Round "1"]
[White "LADIESGET2KNOWME"]
[Black "Aragon"]
[Result "0-1"]
[WhiteElo "2286"]
[BlackElo "1968"]
[TimeControl "180+2"]
[EndTime "11:07:18 PST"]
[Termination "Aragon won by checkmate"]

1. d4 d5 2. Nc3 e6 3. e4 c6 4. Nf3 Nf6 5. e5 Nfd7 6. Bd3 c5 7. dxc5 Nc6 8. Bf4 Nxc5 9. O-O Nxd3 10. cxd3 d4 11. Ne4 Be7 12. Rc1 O-O 13. Qd2 Qd5 14.
a3 Rd8 15. h4 Bf8 16. h5 h6 17. Rc2 b6 18. Rfc1 Bb7 19. b4 Rd7 20. Qe2 Ne7 21. Ng3 Rad8 22. Qd2 Qb5 23. Rc7 Bxf3 24. gxf3 Nd5 25.
R7c4 a5 26. Ne4 axb4 27. axb4 Bxb4 28. Qb2 Nxf4 29. Rxb4 Qxe5 30. Qd2 Nxh5 31. Rxb6 Nf4 32. Rc5 Rd5 33. Rxd5 exd5 34. Ng3 Re8 35. Rb7 Qg5 36.
Kf1 Qh4 37. Kg1 Qh3 38. Qxf4 Re1+ 39. Nf1 Rxf1# 0-1

[Event "*** Titled Tuesday 3|2 Blitz"]
[Site "Chess.com"]
[Date "2015.03.03"]
[Round "1"]
[White "wonderfultime"]
[Black "GGuseinov"]
[Result "0-1"]
[WhiteElo "2533"]
[BlackElo "2407"]
[TimeControl "180+2"]
[EndTime "11:07:22 PST"]
[Termination "GGuseinov won by checkmate"]

1. d4 Nf6 2. Nf3 g6 3. Bf4 Bg7 4. e3 d6 5. h3 O-O 6. c3 Nbd7 7.
Nbd2 b6 8. Be2 Bb7 9. O-O Re8 10. Bh2 e5 11. dxe5 Nxe5 12. a4 a6 13. Qc2 Qe7 14. Rfd1 h5 15. Bf4 Ned7 16. Bc4 Ne4 17. Nxe4 Bxe4 18.
Qe2 Ne5 19. Ng5 Nxc4 20. Qxc4 Bb7 21. h4 Rad8 22. Rd2 Rd7 23. Rad1 Qf6 24. Qb3 Qf5 25. Bg3 Rde7 26. Kh2 Bf6 27. Nh3 Qe4 28. Rg1 Bxh4 29.
Bxh4 Qxh4 30. Rd4 Re4 31. Qc4 R8e7 32. Qd3 Bc8 33. Rxe4 Rxe4 34. Qd5 Bxh3 35. gxh3 Qxf2+ 36. Rg2 Qxe3 37. Rxg6+ Kf8 38. Rf6 Qe2+ 39. Kg3 h4# 0-1

[Event "*** Titled Tuesday 3|2 Blitz"]
[Site "Chess.com"]
[Date "2015.03.03"]
[Round "1"]
[White "FrankieJay"]
[Black "Yaacovn"]
[Result "0-1"]
[WhiteElo "2207"]
[BlackElo "2559"]
[TimeControl "180+2"]
[EndTime "11:07:36 PST"]
[Termination "Yaacovn won by resignation"]

1. e4 c6 2. d4 d5 3. e5 Bf5 4. Nf3 e6 5. Be2 Ne7 6. O-O Bg6 7. Nbd2 Nf5 8. Nb3 a6 9. c4 dxc4 10.
Bxc4 Nd7 11. Bf4 Nb6 12. Bd3 Nd5 13. Bg3 Be7 14. Rc1 O-O 15. Nc5 Bxc5 16. dxc5 Bh5 17. Be2 Qa5 18. a3 Rfd8 19. Qe1 Qxe1 20. Rfxe1 Rd7 21.
Ng5 Bxe2 22. Rxe2 Nd4 23. Ree1 Nb3 24. Rc2 a5 25. Ne4 a4 26. Nd6 Ra5 27. Ne4 h6 28. f3 Rd8 29. h4 Ne7 30. Nd6 Rxc5 31. Rxc5 Nxc5 32. Rc1 Nd3 33. Rc3 Nxb2 34. Nxb7 Rd3 35. Rc2 Rb3 36. Nc5 Rb5 37. Bf2 Nd5 38. g3 h5 39. Kg2 Nd1 40. Nxa4 N1e3+ 0-1

[Event "*** Titled Tuesday 3|2 Blitz"]
[Site "Chess.com"]
[Date "2015.03.03"]
[Round "1"]
[White "1stSecond"]
[Black "Bab3s"]
[Result "1-0"]
[WhiteElo "2374"]
[BlackElo "2061"]
[TimeControl "180+2"]
[EndTime "11:07:37 PST"]
[Termination "1stSecond won by checkmate"]

1. d4 Nf6 2. Nf3 e6 3. c4 Bb4+ 4.
Bd2 Qe7 5. g3 Nc6 6. Bg2 Bxd2+ 7. Qxd2 Ne4 8. Qc2 Qb4+ 9. Nbd2 Nxd2 10. Qxd2 Qxc4 11. O-O O-O 12. a3 Qd5 13. Rfd1 Qh5 14.
b4 d6 15. Rac1 Bd7 16. e4 Rac8 17. h3 e5 18. g4 Qg6 19. dxe5 Rfe8 20. exd6 cxd6 21.
Qxd6 Be6 22. b5 Red8 23. Qc5 b6 24. Qe3 Na5 25. Rxc8 Rxc8 26. Ne5 Qf6 27. f4 h6 28. Nc6 Qb2 29. f5 Nxc6 30. bxc6 Bb3 31. Rd2 Qc1+ 32.
Kh2 Qc4 33. e5 Ba4 34. Rd4 Qc2 35. e6 Bxc6 36. exf7+ Kh8 37. Qg3 Bxg2 38. Qxg2 Qc7+ 39. Qg3 Qxf7 40. h4 Rc2+ 41. Kh3 Qa2 42. Rd8+ Kh7 43.
g5 hxg5 44. hxg5 Qc4 45. g6+ Kh6 46. Rh8# 1-0

[Event "*** Titled Tuesday 3|2 Blitz"]
[Site "Chess.com"]
[Date "2015.03.03"]
[Round "1"]
[White "Irochka83"]
[Black "Hafez_Bakr"]
[Result "1-0"]
[WhiteElo "2281"]
[BlackElo "1832"]
[TimeControl "180+2"]
[EndTime "11:07:37 PST"]
[Termination "Irochka83 won by resignation"]

1. Nf3 c5 2. c4 d6 3. d4 cxd4 4. Nxd4 Nc6 5. e4 Bd7 6. Nc3 Nf6 7. Be2 g6 8. Be3 Bg7 9. O-O O-O 10. f3 a6 11. Qd2 Rc8 12. Rac1 Re8 13. Rfd1 Qa5 14.
b3 Nxd4 15. Bxd4 Bc6 16. Kh1 Qh5 17. Be3 Nd7 18. Nd5 Bxd5 19. exd5 Qh4 20. g3 Qh3 21. f4 Qf5 22. Bd3 Qg4 23. Qg2 Qh5 24. Be2 Qf5 25. g4 Qf6 26. g5 Qb2 27. Bg4 Qxg2+ 28. Kxg2 Rc7 29. b4 f5 30. gxf6 Nxf6 31. Be6+ Kf8 32. Bb6 Rcc8 33. Bxc8 Rxc8 34. c5 dxc5 35. bxc5 Ng4 36. Kf3 h5 37. h3 Nh6 38. d6 exd6 39.
cxd6 Rxc1 40. Rxc1 Bf6 41. Rc8+ Kf7 42. d7 Nf5 43.
d8=Q Bxd8 44. Rxd8 1-0

[Event "*** Titled Tuesday 3|2 Blitz"]
[Site "Chess.com"]
[Date "2015.03.03"]
[Round "1"]
[White "kinetix"]
[Black "pKiLz5Rn9b"]
[Result "0-1"]
[WhiteElo "1512"]
[BlackElo "2254"]
[TimeControl "180+2"]
[EndTime "11:07:42 PST"]
[Termination "pKiLz5Rn9b won by resignation"]

1. e4 e6 2. d4 d5 3. Nc3 Nf6 4. e5 Nfd7 5. f4 c5 6. Nf3 Nc6 7.
Be3 a6 8. Qd2 b5 9. dxc5 Bxc5 10. O-O-O Qb6 11. Bxc5 Nxc5 12. Bd3 b4 13. Ne2 a5 14.
Kb1 Nxd3 15. cxd3 Ba6 16. Ned4 Nxd4 17. Qf2 Rc8 18. Qxd4 Qb5 19. f5 exf5 20. e6 f6 21. Nh4 Qc5 22. Nxf5 Qxd4 23. Nxd4 g6 24. Rhf1 Ke7 25.
Rf3 a4 26. g4 Rc7 27. g5 f5 28. Rh3 Kd6 29. Rc1 Rhc8 30. Rxc7 Rxc7 31. Re3 Re7 32.
Kc2 f4 33. Re1 f3 34. Nxf3 Rxe6 35. Rxe6+ Kxe6 36. Kd2 Kf5 37. Ke3 Bb7 38. d4 Kg4 39. a3 bxa3 40. bxa3 Bc8 41. Kf2 Kf4 42. h4 Ke4 43. Kg3 Ke3 44. Ne5 Kxd4 45. Nc6+ Ke3 46. Ne7 Be6 47. h5 gxh5 0-1

[Event "*** Titled Tuesday 3|2 Blitz"]
[Site "Chess.com"]
[Date "2015.03.03"]
[Round "1"]
[White "vinceyoung15"]
[Black "ChessTrener"]
[Result "0-1"]
[WhiteElo "2117"]
[BlackElo "2464"]
[TimeControl "180+2"]
[EndTime "11:07:46 PST"]
[Termination "ChessTrener won on time"]

1. e4 c5 2. c3 d5 3. exd5 Qxd5 4. d4 Nf6 5. Nf3 g6 6. Be3 cxd4 7. cxd4 Bg7 8. Nc3 Qa5 9. Be2 O-O 10. O-O Bf5 11. a3 Nc6 12. b4 Qd8 13. Qb3 Be6 14.
Bc4 Bxc4 15. Qxc4 Rc8 16. Qb3 e6 17. Rfd1 Ne7 18. Ne5 Ned5 19. Rac1 Nxc3 20. Rxc3 Nd5 21. Rxc8 Qxc8 22. Rc1 Qd8 23. Nf3 h6 24. h3 Qd6 25. Qc4 Kh7 26. Qc5 Qa6 27. b5 Qa4 28.
Ne5 Qb3 29. Bd2 Qb2 30. Bb4 b6 31. Qc2 Qxc2 32. Rxc2 Nxb4 33. axb4 f6 34. Nd7 Rf7 35.
Rc7 f5 36. Rxa7 Bxd4 37. Kf1 Kg7 38. Ke2 e5 39. f3 e4 40. Rc7 Re7 41. Rb7 g5 42.
Nc5 Bxc5 0-1

[Event "*** Titled Tuesday 3|2 Blitz"]
[Site "Chess.com"]
[Date "2015.03.03"]
[Round "1"]
[White "Malev212"]
[Black "Chesseducation4u"]
[Result "1-0"]
[WhiteElo "2046"]
[BlackElo "2316"]
[TimeControl "180+2"]
[EndTime "11:08:03 PST"]
[Termination "Malev212 won by checkmate"]

1. d4 Nf6 2. c4 g6 3. Nc3 Bg7 4. e4 d6 5. f3 O-O 6. Nge2 a6 7. Be3 Nbd7 8. h4 c5 9. d5 b5 10. cxb5 h5 11. a4 Ne5 12. Nc1 axb5 13. Bxb5 Ba6 14.
Bxa6 Rxa6 15. Qe2 Qa5 16. O-O Rb8 17. Ra2 Rab6 18. Nb5 Qb4 19. Bd2 Qc4 20. b3 Qxe2 21.
Nxe2 Ra8 22. Nec3 Nd3 23. Bg5 Kf8 24. Rd2 Nb4 25. e5 Nd7 26. exd6 exd6 27. Re1 Ne5 28.
Re4 f5 29. Ree2 c4 30. bxc4 Nxc4 31. Rd1 Be5 32. f4 Bg7 33. Nc7 Rc8 34. Ne6+ Kg8 35. Nxg7 Kxg7 36. Re7+ Kf8 37. Nb5 Nb2 38. Rde1 Nxa4 39.
Bh6+ Kg8 40. Rg7+ Kh8 41. Ree7 Nxd5 42. Rh7+ Kg8 43. Reg7+ Kf8 44. Rh8# 1-0

[Event "*** Titled Tuesday 3|2 Blitz"]
[Site "Chess.com"]
[Date "2015.03.03"]
[Round "1"]
[White "Schemato"]
[Black "lorcho"]
[Result "0-1"]
[WhiteElo "2070"]
[BlackElo "2375"]
[TimeControl "180+2"]
[EndTime "11:08:11 PST"]
[Termination "lorcho won on time"]

1. c4 e6 2. Nc3 d5 3. d4 c5 4.
cxd5 exd5 5. Nf3 Nc6 6. g3 Nf6 7. Bg2 Be7 8. O-O O-O 9. dxc5 Bxc5 10. a3 a6 11. b4 Ba7 12. Bg5 Be6 13. Bxf6 gxf6 14.
e3 Qd7 15. Ne2 Ne5 16. Nfd4 Bg4 17. Qd2 Rfe8 18. Rac1 Rad8 19. Rc3 Nc4 20. Qa2 b5 21. Nf4 Re5 22. h3 Bf5 23. Rd1 Be4 24. h4 Bxg2 25.
Kxg2 Kh8 26. Qe2 Rg8 27. Kh2 Rg4 28. Nf3 Rf5 29. Rcd3 Nb6 30. Nd4 Re5 31. Nf3 Rf5 32.
Ng1 Rg8 33. e4 Rxf4 34. gxf4 Bb8 35. Nh3 Rg4 36. Rxd5 Nxd5 37. Rxd5 Qc8 38. Qd1 Rg8 39. Rd7 Qf8 40. Qd4 Qg7 41. Ng5 Bxf4+ 42. Kh3 Bxg5 43. hxg5 Qxg5 0-1

[Event "*** Titled Tuesday 3|2 Blitz"]
[Site "Chess.com"]
[Date "2015.03.03"]
[Round "1"]
[White "Gevorg_Harutjunyan"]
[Black "MattyDPerrine"]
[Result "1-0"]
[WhiteElo "2513"]
[BlackElo "2166"]
[TimeControl "180+2"]
[EndTime "11:08:13 PST"]
[Termination "Gevorg_Harutjunyan won by resignation"]

1. e4 c5 2. Nc3 Nc6 3. Bb5 Nd4 4. Bc4 e6 5. Nge2 Qc7 6. O-O Nf6 7. d3 Nc6 8. f4 d6 9. Ng3 h5 10. e5 dxe5 11.
Nb5 Qb8 12. fxe5 Nxe5 13. Bf4 h4 14. Qe2 Nfd7 15. Ne4 a6 16. Ng5 axb5 17. Bxb5 f6 18.
Nxe6 Qd6 19. Nxf8 Rxf8 20. Rae1 Ke7 21. Qg4 g5 22. Bd2 Qd4+ 23. Qxd4 cxd4 24. Bb4+ Kf7 25.
Bxf8 Kxf8 26. a4 Kg7 27. Re4 Nc5 28. Rxd4 Ne6 29. Rb4 Rb8 30. d4 Nd7 31. Re1 Nf4 32. Bxd7 Bxd7 33. Re7+ Kg6 34. Rxd7 Re8 35. g3 hxg3 36.
hxg3 Nh3+ 37. Kf1 Re3 38. g4 Re4 39. Rbxb7 Rxg4 40. a5 Nf4 41. a6 Rh4 42. a7 Rh1+ 43. Kf2 Ra1 44. Rd8 Kf5 45. a8=Q Rxa8 46. Rxa8 g4 1-0

[Event "*** Titled Tuesday 3|2 Blitz"]
[Site "Chess.com"]
[Date "2015.03.03"]
[Round "1"]
[White "kesarev"]
[Black "GeorgMeier"]
[Result "0-1"]
[WhiteElo "2239"]
[BlackElo "2730"]
[TimeControl "180+2"]
[EndTime "11:08:22 PST"]
[Termination "GeorgMeier won by resignation"]

1. Nf3 d5 2. c4 d4 3. g3 Nc6 4. Bg2 e5 5. d3 Nf6 6. O-O Bd6 7.
Na3 O-O 8. Nc2 a5 9. e3 dxe3 10.
Bxe3 Be6 11. b3 Qd7 12. Re1 Rad8 13. Bg5 Rfe8 14. Bxf6 gxf6 15. Qe2 Bg4 16. Qe3 Bf8 17. Rad1 Nb4 18. Nxb4 axb4 19. Rd2 c6 20. Nh4 Bg7 21.
Qb6 f5 22. f3 Bh5 23. Qxb4 Bg6 24. Kh1 Re6 25. Bh3 Rd6 26. Red1 Bf6 27. Nxg6 hxg6 28.
Qc5 Kg7 29. Qe3 Rd4 30. Kg1 Qe7 31. Bg2 Qb4 32. Re2 Qc3 33. h4 f4 34. gxf4 exf4 35.
Qd2 Rxd3 0-1

[Event "*** Titled Tuesday 3|2 Blitz"]
[Site "Chess.com"]
[Date "2015.03.03"]
[Round "1"]
[White "raskolnnikov"]
[Black "HansCoolNiemann"]
[Result "1-0"]
[WhiteElo "2270"]
[BlackElo "1823"]
[TimeControl "180+2"]
[EndTime "11:08:32 PST"]
[Termination "raskolnnikov won by checkmate"]

1. d4 Nf6 2. c4 g6 3. Nc3 Bg7 4.
e4 d6 5. Nf3 O-O 6. Be2 e5 7.
O-O exd4 8. Nxd4 Re8 9. f3 c6 10. Kh1 Qb6 11. Nc2 Qd8 12. Bf4 Bf8 13. Qd2 Nh5 14.
Bg5 Qc7 15. Rad1 Nd7 16. g4 Ng7 17. Nd4 Ne5 18. Rg1 Ne6 19. Nxe6 Bxe6 20. b3 a6 21. f4 f6 22. Bh4 Nd7 23. f5 Bf7 24. g5 fxg5 25. Bxg5 Nc5 26. Bf3 Bg7 27. Rg4 gxf5 28.
exf5 Bh5 29. Rg3 Bxf3+ 30. Rxf3 Bxc3 31. Qxc3 Ne4 32. Qc1 Kh8 33. Bh6 Qf7 34. f6 Qh5 35.
Rdf1 Qf7 36. Qf4 Re6 37. Bg7+ Kg8 38. Rg1 Rae8 39. Qh6 Re5 40. Bf8+ Kh8 41. Rg7 Qh5 42. Rg8+ Kxg8 43. Qg7# 1-0